 Dungeon Crawl Stone Soup version 0.17.2 (webtiles) character file.

36 McIrco the Skirmisher (level 3, 0/46 HPs)
             Began as a Centaur Fighter on June 4, 2016.
             Slain by an orc
             ... wielding a +0 war axe
              (3 damage)
             ... on level 3 of the Dungeon.
             The game lasted 00:02:08 (894 turns).

McIrco the Skirmisher (Centaur Fighter)              Turns: 894, Time: 00:02:08

Health: 0/46       AC: 21    Str: 18    XL:     3   Next: 19%
Magic:  3/3        EV:  1    Int:  8    God:
Gold:   88         SH:  8    Dex:  8    Spells: 0 memorised, 2 levels left

rFire  . . .     SeeInvis .     a - +0 war axe
rCold  . . .     Clarity  .     (armour currently unavailable)
rNeg   + + +     SustAt   .     c - +0 shield
rPois  +         Gourm    .     (helmet currently unavailable)
rElec  .         Spirit   .     (cloak currently unavailable)
rCorr  .         Warding  .     (gloves currently unavailable)
rMut   .         NoTele   +     (no barding)
MR     .....                    (no amulet)
Stlth  +.........               (no ring)
                                (no ring)

@: tree-form, not resistant to hostile enchantments, very unstealthy
A: (hooves 0), (deformed body), (speed 0), spit poison 1, (tough skin 0)
a: Spit Poison


You were on level 3 of the Dungeon.
You were not hungry.
You were a tree.
You visited 1 branch of the dungeon, and saw 3 of its levels.

You collected 88 gold pieces.

Inventory:

Hand Weapons
 a - a +0 war axe (weapon)
Armour
 b - a +0 scale mail (melded)
 c - a +0 shield (worn)
 r - a +0 helmet (melded)
Scrolls
 f - a scroll of recharging {unknown}
 g - a scroll of remove curse {unknown}
 i - a scroll of enchant weapon {unknown}
 k - a scroll of magic mapping {unknown}
 q - a scroll of amnesia {unknown}
 s - a scroll of immolation {unknown}
 t - a scroll of noise {unknown}
 u - a scroll of random uselessness {unknown}
Potions
 d - 4 potions of might
 j - a potion of flight
 n - 2 potions of degeneration {unknown}
 p - a potion of curing {unknown}
Comestibles
 e - 2 bread rations
 l - a meat ration
 o - 6 fruits
 v - a royal jelly


   Skills:
 + Level 3.2 Fighting
 + Level 2.2 Axes
 + Level 2.7 Armour
 + Level 2.3 Shields


You had 2 spell levels left.
You didn't know any spells.

Dungeon Overview and Level Annotations

Branches:
Dungeon (3/15)

Altars:
The Shining One

Annotations:
D:3 Jessica


Innate Abilities, Weirdness & Mutations

((You have hooves in place of feet.))
((Armour fits poorly on your strangely shaped body.))
((You cover ground very quickly.))
((You have extremely tough skin (AC +3).))
You can spit weak poison.


Message History

You fly up into the air.
The ball python bites you.
* * * LOW HITPOINT WARNING * * *
Jessica hits you but does no damage.
Unknown command.
Drink which item? (? for menu, Esc to quit)
It was a potion of lignification.
You turn into a tree.
Your +0 helmet melds into your body.
Your +0 scale mail melds into your body.
Your roots penetrate the ground.
You block the ball python's attack. The orc hits you but does no damage.
Jessica gestures wildly while chanting.
Jessica seems to speed up.
The ball python bites you but does no damage.
Drink which item? (? for menu, Esc to quit)
It was a potion of beneficial mutation.
There is a nasty taste in your mouth for a moment.
You feel fantastic! The orc hits you with a flail.
* * * LOW HITPOINT WARNING * * *
The orc hits you with a war axe.
You die...

.......>...#.#.# #
#......#.....#
#.#.#....#.#.###
#........#.#.#
#.####..#..#)#.#
#........o.(...#
#....##........#.###
#... #.....So......
#.. #..(.o♣#.#####
#. #....%@#.# #
#......#.#
#......#.# #......#
........# ###.....#
.......


You could see Jessica, 3 orcs and a ball python.

Vanquished Creatures
  2 oozes
  A giant gecko (D:1)
  An orc (D:3)
  4 bats
  A giant cockroach (D:2)
  3 goblins
  4 hobgoblins
  3 jackals (D:2)
  A kobold (D:1)
  A ball python (D:2)
  2 giant newts
23 creatures vanquished.

Notes
Turn   | Place    | Note
--------------------------------------------------------------
     0 | D:1      | McIrco the Centaur Fighter began the quest for the Orb.
     0 | D:1      | Reached XP level 1. HP: 19/19 MP: 1/1
   179 | D:1      | Reached XP level 2. HP: 26/26 MP: 2/2
   634 | D:2      | Reached XP level 3. HP: 29/31 MP: 3/3
   719 | D:2      | Found a glowing golden altar of the Shining One.
   870 | D:3      | Noticed Jessica
   894 | D:3      | Gained mutation: You can spit weak poison. [potion of beneficial mutation]
   894 | D:3      | Slain by an orc

Action                   || total
-------------------------++-------
Melee: War axe           ||    62
  Use: Potion            ||     3
